 Dungeon Crawl Stone Soup version 0.19.5 (webtiles) character file.

14341 Inarius the Cleaver (level 11, -7/97 HPs)
             Began as a Minotaur Fighter on May 5, 2017.
             Was an Elder of Yredelemnul.
             Mangled by a komodo dragon (21 damage)
             ... on level 1 of the Lair of Beasts.
             The game lasted 00:54:08 (16243 turns).

Inarius the Cleaver (Minotaur Fighter)             Turns: 16243, Time: 00:54:09

Health: -7/97      AC: 15    Str: 20    XL:     11   Next: 87%
Magic:  9/15       EV:  7    Int:  9    God:    Yredelemnul [****..]
Gold:   673        SH: 12    Dex: 12    Spells: 0 memorised, 10 levels left

rFire  + . .     SeeInvis .     P - +3 hand axe
rCold  . . .     Gourm    .     S - +0 plate armour {rF+}
rNeg   . . .     Faith    +     c - +0 shield
rPois  .         Spirit   .     (helmet restricted)
rElec  .         Reflect  .     (no cloak)
rCorr  .         Harm     .     (no gloves)
MR     .....     Clarity  +     E - +0 pair of boots
Stlth  ..........               F - amulet of faith
                                J - ring of stealth
                                R - +3 ring of protection

@: no status effects
A: retaliatory headbutt, horns 2, molten scales 1, blurry vision 1, clarity,
clever 1, deformed body, wild magic 1, MP-powered wands
a: Recall Undead Slaves, Injury Mirror, Animate Dead, Drain Life, Renounce
Religion


You were on level 1 of the Lair of Beasts.
You worshipped Yredelemnul.
Yredelemnul was greatly pleased with you.
You were hungry.

You visited 2 branches of the dungeon, and saw 11 of its levels.
You also visited: Labyrinth.

You collected 673 gold pieces.

Inventory:

Hand Weapons
 o - a +2 hand axe of venom
 C - a +2 whip of freezing
 P - a +3 hand axe (weapon)
 Z - a +0 quarterstaff of draining
Armour
 c - a +0 shield (worn)
 E - a +0 pair of boots (worn)
 S - a +0 plate armour of fire resistance (worn)
Jewellery
 s - a cursed -4 ring of protection
 F - an amulet of faith (around neck)
 J - a ring of stealth (right hand)
 O - an uncursed ring of ice
 R - a +3 ring of protection (left hand)
 X - an uncursed amulet of guardian spirit {unknown}
Wands
 a - a wand of slowing (17/48)
 w - a wand of disintegration (17/24)
 K - a wand of disintegration (4/24)
 T - a wand of hasting (3/9)
 U - a wand of teleportation (5/9)
 W - a wand of acid (7/15)
 Y - a wand of iceblast (8/15)
Scrolls
 e - 5 scrolls of magic mapping
 m - 3 scrolls of immolation {unknown}
 p - 3 scrolls of noise {unknown}
 r - a scroll of acquirement {unknown}
 t - a scroll of fear
 v - 2 scrolls of recharging {unknown}
 y - 4 scrolls of torment {unknown}
 A - 4 scrolls of remove curse
 D - a scroll of blinking {unknown}
 G - 2 scrolls of brand weapon {unknown}
 H - a scroll of teleportation {unknown}
 I - 2 scrolls of enchant weapon {unknown}
 M - a scroll of summoning {unknown}
 V - a scroll of amnesia {unknown}
Potions
 b - a potion of mutation {unknown}
 d - 2 potions of lignification
 g - 2 potions of magic
 k - 4 potions of degeneration {unknown}
 l - 3 potions of curing
 n - 3 potions of brilliance {unknown}
 u - 4 potions of flight {unknown}
 x - a potion of cure mutation
 z - 2 potions of haste
 B - 3 potions of cancellation {unknown}
 L - a potion of agility {unknown}
 Q - a potion of beneficial mutation {unknown}
Comestibles
 f - 8 bread rations
 h - 6 royal jellies
 i - 4 meat rations


   Skills:
 + Level 9.3 Fighting
 + Level 13.0 Axes
 + Level 9.7 Armour
 + Level 3.8 Dodging
 + Level 2.4 Stealth
 + Level 10.6 Shields
 * Level 7.4 Invocations


You had 10 spell levels left.
You didn't know any spells.

Dungeon Overview and Level Annotations

Branches:
Dungeon (10/15)            Temple (0/1) D:7            Lair (1/6) D:8
    Orc (0/2) D:9

Altars:
Elyvilon
Fedhas
Gozag
Makhleb
Okawaru
Qazlal
Vehumet
Xom
Yredelemnul
Zin
The Shining One
Beogh

Shops:
D:5 [   D:9 (


Innate Abilities, Weirdness & Mutations

You reflexively headbutt those who attack you in melee.
You have a pair of horns on your head.
You are partially covered in molten scales. (AC +2)
Scrolls take you a little longer to read.
You possess an exceptional clarity of mind.
Your mind is acute. (Int +2)
Armour fits poorly on your strangely shaped body.
Your spells are a little harder to cast, but a little more powerful.
You expend magic power (3 MP) to strengthen your wands.


Message History

The komodo dragon is heavily wounded.
The komodo dragon bites you but does no damage.
Okay, then.
The komodo dragon bites you!!
* * * LOW HITPOINT WARNING * * *
You draw life from your surroundings.
You draw life from the komodo dragon.
The komodo dragon is severely wounded.
You feel life flooding into your body.
You feel somewhat more hungry. The komodo dragon bites you!
* * * LOW HITPOINT WARNING * * *
You hit the komodo dragon but do no damage.
The komodo dragon is severely wounded.
The komodo dragon bites you but does no damage.
You feel better. You block the komodo dragon's attack.
You hit the komodo dragon.
The komodo dragon is severely wounded.
The komodo dragon bites you!!
You die...
Your body rises from the dead as a mindless zombie.

#### #).. ###### ##### ##..
##P##.#####.#.### ###########
P#..............# #####....#....#
................###........#.....
.................##.#####P.#.....
##<.............###..# ##.#..##≈
#..............@...## #.#..###
##...............l..# #.#..# #
#.....>...^.........# #....###
##..............#.#.## #.#..≈##
#.......##...#####..# ###......Z
##.#######....###..## #...#.....
#.................## ##..[.....
*#....###.#.........####..###.#.
**P....# ###.........##..........


You could see a komodo dragon.

Vanquished Creatures
  A minotaur (Lab)
  Erica (D:8)
  A hill giant (D:10)
  Pikel (D:5)
  Psyche (D:8)
  A spiny frog (Lair:1)
  A rime drake (Lair:1)
  A komodo dragon (Lair:1)
  A queen bee (D:8)
  3 trolls
  3 blink frogs (Lair:1)
  Prince Ribbit (D:6)
  3 hippogriffs
  2 shadows (Lab)
  Sigmund (D:2)
  A redback (Lab)
  A yak (Lair:1)
  A wyvern (D:8)
  Grum (D:7)
  5 hungry ghosts
  Edmund (D:6)
  4 water moccasins (Lair:1)
  Duvessa (D:5)
  5 orc warriors
  5 ice beasts
  2 black bears (D:8)
  5 sky beasts
  3 slaves (D:5)
  A phantom (D:4)
  3 ogres
  2 wolves
  3 crocodiles
  4 centaurs
  An earth elemental (Lab)
  Blork the orc (D:6)
  4 bullfrogs
  Dowan (D:5)
  3 scorpions
  22 killer bees
  7 howler monkeys
  2 bullfrog zombies
  A centaur zombie (D:8)
  2 crimson imps
  5 jellies
  3 orc priests
  4 hounds
  5 orc wizards
  5 worker ants
  A killer bee zombie (D:8)
  A hound zombie (D:8)
  A worker ant zombie (D:9)
  12 adders
  3 shadow imps
  2 oozes
  An adder zombie (D:7)
  4 worms
  2 dart slugs (D:1)
  7 leopard geckos
  33 orcs
  9 giant cockroaches
  6 goblins
  13 hobgoblins
  17 jackals
  10 kobolds
  2 quokkas
  2 ball pythons
  8 bats
  5 frilled lizards
  A leopard gecko skeleton (D:8)
  A quokka skeleton (D:7)
  6 rats
  A fungus (Lair:1)
284 creatures vanquished.

Vanquished Creatures (collateral kills)
  A hill giant (D:10)
  An ugly thing (D:10)
  3 blink frogs (Lair:1)
  A shadow (D:10)
  2 water moccasins
  A sky beast (D:8)
  An orc warrior (D:7)
  An ice beast (D:8)
  A bullfrog (D:10)
  A killer bee (D:8)
  A crimson imp (D:8)
  3 orc priests
  An orc wizard (D:10)
  A worker ant (D:8)
  An adder (D:10)
  A leopard gecko (D:8)
  4 orcs
  A giant cockroach (D:7)
  A fungus (Lair:1)
27 creatures vanquished.

Vanquished Creatures (others)
  A blink frog zombie (Lair:1)
  A komodo dragon zombie (Lair:1)
  2 water moccasin zombies (Lair:1)
  A bullfrog zombie (Lair:1)
  2 killer bee zombies (D:8)
  A mummy (Lair:1)
  A howler monkey zombie (D:8)
  An orc skeleton (D:9)
10 creatures vanquished.

Grand Total: 321 creatures vanquished

Notes
Turn   | Place    | Note
-------+----------+-------------------------------------------
     0 | D:1      | Inarius the Minotaur Fighter began the quest for the Orb.
     0 | D:1      | Reached XP level 1. HP: 19/19 MP: 0/0
    99 | D:1      | Reached XP level 2. HP: 27/27 MP: 1/1
   749 | D:1      | Reached XP level 3. HP: 33/33 MP: 2/2
  1053 | D:2      | Found a basalt altar of Yredelemnul.
  1055 | D:2      | Reached skill level 3 in Axes
  1110 | D:2      | Found a glowing silver altar of Zin.
  1272 | D:2      | Noticed Sigmund
  1284 | D:2      | Killed Sigmund
  1284 | D:2      | Reached skill level 5 in Axes
  1284 | D:2      | Reached skill level 1 in Dodging
  1284 | D:2      | Reached XP level 4. HP: 28/41 MP: 3/3
  1284 | D:2      | Reached XP level 5. HP: 32/47 MP: 4/4
  1441 | D:2      | Found a blossoming altar of Fedhas.
  1454 | D:2      | Found a shimmering altar of Xom.
  1458 | D:2      | Found a white marble altar of Elyvilon.
  1622 | D:2      | Became a worshipper of Yredelemnul the Dark
  1671 | D:3      | Reached XP level 6. HP: 50/53 MP: 5/5
  1785 | D:3      | Reached skill level 6 in Axes
  1785 | D:3      | Reached skill level 5 in Shields
  2569 | D:4      | Reached * piety under Yredelemnul
  3145 | D:4      | Reached XP level 7. HP: 60/60 MP: 6/6
  3180 | D:4      | Reached skill level 5 in Fighting
  3180 | D:4      | Reached skill level 7 in Axes
  3505 | D:5      | Entered Level 5 of the Dungeon
  3579 | D:5      | Noticed Duvessa
  3581 | D:5      | Noticed Dowan
  3595 | D:5      | Killed Duvessa
  3595 | D:5      | Reached skill level 8 in Axes
  3596 | D:5      | Killed Dowan
  3596 | D:5      | Reached skill level 5 in Armour
  3602 | D:5      | Reached XP level 8. HP: 46/69 MP: 7/7
  4005 | D:5      | Found Ving's Antique Armour Shop.
  4115 | D:5      | Found an iron altar of Okawaru.
  4176 | D:5      | Noticed Pikel
  4192 | D:5      | Killed Pikel
  4192 | D:5      | Reached skill level 9 in Axes
  4651 | D:6      | Noticed Edmund
  4666 | D:6      | Killed Edmund
  4666 | D:6      | Reached skill level 1 in Stealth
  4823 | D:6      | Reached ** piety under Yredelemnul
  4955 | D:6      | Reached XP level 9. HP: 78/78 MP: 8/8
  4956 | D:6      | Noticed a troll
  5122 | D:5      | Killed a troll
  5122 | D:5      | Reached skill level 10 in Axes
  5122 | D:5      | Reached skill level 1 in Invocations
  5519 | D:6      | Noticed Blork the orc
  5530 | D:6      | Killed Blork the orc
  5562 | D:6      | Noticed Prince Ribbit
  5576 | D:6      | Killed Prince Ribbit
  5941 | D:7      | Found an opulent altar of Gozag.
  5943 | D:7      | Found a stormy altar of Qazlal.
  6316 | D:7      | Found a staircase to the Ecumenical Temple.
  6467 | D:7      | Found a radiant altar of Vehumet.
  6685 | D:8      | Noticed Grum
  6698 | D:8      | Reached *** piety under Yredelemnul
  7108 | D:7      | Reached skill level 11 in Axes
  7108 | D:7      | Reached XP level 10. HP: 54/86 MP: 12/12
  7109 | D:7      | Killed Grum
  7665 | D:8      | Found a glowing golden altar of the Shining One.
  7732 | D:8      | Found a staircase to the Lair.
  7791 | D:8      | Gained mutation: Your spells are a little harder to cast, but a little more powerful. [mutagenic meat]
  7792 | D:8      | Gained mutation: Your mind is acute. (Int +2) [mutagenic meat]
  7794 | D:8      | Gained mutation: You are partially covered in molten scales. (AC +2) [mutagenic meat]
  7795 | D:8      | Gained mutation: You possess an exceptional clarity of mind. [mutagenic meat]
  7969 | D:8      | Noticed Psyche
  7976 | D:8      | Killed Psyche
  7976 | D:8      | Reached skill level 5 in Invocations
  7989 | D:8      | Noticed Erica
  7999 | D:8      | Killed Erica
  8071 | D:8      | Reached **** piety under Yredelemnul
  8562 | D:8      | Reached skill level 12 in Axes
  8634 | D:9      | Gained mutation: Armour fits poorly on your strangely shaped body. [mutagenic meat]
  8791 | D:9      | Found a staircase to the Orcish Mines.
  8881 | D:9      | Gained mutation: You are frail. (-10% HP) [mutagenic meat]
  8882 | D:9      | Lost mutation: You are frail. (-10% HP) [mutagenic meat]
  8883 | D:9      | Gained mutation: You occasionally shout uncontrollably at your foes. [mutagenic meat]
  8947 | D:9      | Found Reilupor's Weapon Shop.
  9374 | D:9      | Found a burning altar of Makhleb.
  9537 | D:9      | Reached XP level 11. HP: 57/94 MP: 14/14
  9757 | D:9      | Received a gift from Yredelemnul (a mummy)
  9943 | D:9      | Found a roughly hewn altar of Beogh.
  9949 | D:9      | Received a gift from Yredelemnul (a mummy)
 10207 | D:10     | Entered Level 10 of the Dungeon
 10238 | D:10     | Received a gift from Yredelemnul (a mummy)
 10480 | D:10     | Noticed a hill giant
 10501 | D:10     | Killed a hill giant
 10506 | D:10     | Noticed a hill giant
 10523 | D:10     | Killed a hill giant
 10523 | D:10     | Reached skill level 10 in Shields
 10901 | D:10     | Noticed a cyan ugly thing
 10916 | D:10     | Killed a cyan ugly thing
 10921 | D:10     | Gained mutation: Scrolls take you a little longer to read. [mutagenic meat]
 10923 | D:10     | Gained mutation: You expend magic power (3 MP) to strengthen your wands. [mutagenic meat]
 10924 | D:10     | Lost mutation: You occasionally shout uncontrollably at your foes. [mutagenic meat]
 11132 | D:10     | Reached ***** piety under Yredelemnul
 11302 | Lair:1   | Entered Level 1 of the Lair of Beasts
 11397 | Lair:1   | Found a labyrinth entrance.
 11469 | Lab      | Entered a labyrinth
 15488 | Lab      | Noticed a minotaur
 15502 | Lab      | Killed a minotaur
 15502 | Lab      | Received a gift from Yredelemnul (a mummy)
 15810 | Lair:1   | Reached skill level 13 in Axes
 16243 | Lair:1   | Mangled by a komodo dragon

Skill      XL: |  1  2  3  4  5  6  7  8  9 10 11 |
---------------+----------------------------------+-----
Shields        | 4 5 7 8 9 10 | 10.6
Armour         | 4 5 6 7 9 |  9.7
Fighting       | 4 5 6 7 8 9 |  9.3
Axes           | 5 6 8 9 11 12 13 | 13.0
Dodging        | 1 2 3 |  3.8
Stealth        | 1 2 |  2.4
Invocations    | 4 5 7 |  7.4

Action                   |  1- 3 |  4- 6 |  7- 9 | 10-12 || total
-------------------------+-------+-------+-------+-------++-------
Melee: War axe           |   124 |   114 |   323 |   178 ||   739
       Headbutt          |    15 |    14 |    57 |   119 ||   205
       Whip              |       |       |     4 |       ||     4
       Hand axe          |       |       |       |   443 ||   443
Invok: Animate Remains   |       |       |     3 |       ||     3
       Animate Dead      |       |       |       |     8 ||     8
       Drain Life        |       |       |       |     1 ||     1
  Use: Scroll            |     1 |     1 |     5 |     6 ||    13
       Potion            |       |       |     1 |     5 ||     6
 Stab: Distracted        |       |       |     2 |     4 ||     6
  Eat: Chunk             |     1 |     5 |     6 |    29 ||    41
       Beef jerky        |       |     1 |       |     1 ||     2
       Bread ration      |       |       |     1 |     1 ||     2
       Pizza             |       |       |     2 |       ||     2
       Meat ration       |       |       |     1 |     1 ||     2
       Fruit             |       |       |       |     9 ||     9
       Royal jelly       |       |       |       |     2 ||     2
Armor: Scale mail        |    24 |       |       |       ||    24
       Chain mail        |    42 |    50 |   143 |    93 ||   328
       Plate armour      |       |       |       |   104 ||   104
Dodge: Dodged            |    45 |    24 |   110 |   113 ||   292
Block: Shield            |    73 |    81 |   222 |   283 ||   659
